 Dungeon Sprint DCSS version 0.30-a0-4-ga7cffc901d (webtiles) character file.

Game seed: 5398610810357415607

6893 mhtbhm the Ninja (level 10, -7/79 HPs)
             Began as a Spriggan Brigand on Aug 21, 2022.
             Was the Champion of Dithmenos.
             Mangled by a spriggan defender
             ... wielding a +0 dagger
              (20 damage)
             ... in the Dungeon (Sprint III: "The Ten Rune Challenge").
             The game lasted 00:06:17 (1812 turns).

mhtbhm the Ninja (Spriggan Brigand)                 Turns: 1812, Time: 00:06:18

Health: -7/79      AC:  4    Str:  7    XL:     10   Next: 79%
Magic:  14/19      EV: 22    Int: 13    God:    Dithmenos [******]
Gold:   1830       SH:  0    Dex: 21    Spells: 6/9 levels left

rFire   . . .      SeeInvis +    a - +2 dagger
rCold   . . .      Faith    .    (no shield)
rNeg    . . .      Spirit   .    b - +0 robe
rPois   .          Reflect  .    n - +1 hat
rElec   .          Harm     .    c - +0 cloak
rCorr   .          Rampage  .    (gloves unavailable)
Will    ++...      NoTele   +    (boots unavailable)
Stlth   ..........               (no amulet)
HPRegen 0.23/turn                (no ring)
MPRegen 0.16/turn                (no ring)

@: mighty, berserking (expiring), hasted, wreathed by umbra, very quick
A: very small, no large weapons, unfitting armour, see invisible, speed 3,
strong-willed 1, MP-powered wands
a: Renounce Religion, Shadow Step, Shadow Form


You were in the Dungeon.
You worshipped Dithmenos.
Dithmenos was exalted by your worship.
You visited 1 branch You collected 3052 gold pieces.
You spent 1222 gold pieces at shops.

Inventory:

Hand Weapons
 a - a +2 dagger (weapon)
Missiles
 d - 3 poisoned darts (quivered)
 e - 2 curare-tipped darts
Armour
 b - a +0 robe (worn)
 c - a +0 cloak (worn)
 n - a +1 hat (worn)
Jewellery
 u - a ring of flight
Scrolls
 k - 2 scrolls of blinking
 l - a scroll of enchant weapon
 p - a scroll of torment {unknown}
Potions
 f - a potion of curing
 g - 3 potions of heal wounds
 i - 2 potions of magic
 j - a potion of berserk rage
 m - a potion of mutation
 q - a potion of attraction
 r - a potion of flight {unknown}
 s - a potion of might
Miscellaneous
 t - a box of beasts (inert)


   Skills:
 + Level 6.0 Fighting
 + Level 9.8 Short Blades
 + Level 9.5 Throwing
 + Level 6.2 Dodging
 O Level 27 Stealth
 * Level 11.3 Invocations
 + Level 1.5 Evocations


You had 6 spell levels left.
You knew the following spells:

 Your Spells              Type           Power      Damage    Failure   Level
a - Mephitic Cloud        Conj/Pois/Air  0%         N/A       67%         3

Your spell library contained the following spells:

 Spells                   Type           Power      Damage    Failure   Level
 Magic Dart               Conj           0%         1d3       30%         1
 Call Imp                 Summ           0%         N/A       43%         2
 Dazzling Flash           Conj/Hex       0%         N/A       67%         3
 Iskenderun's Mystic Bla  Conj/Tloc      0%         2d3       97%         4
 Starburst                Conj/Fire      0%         6d3       100%        6


Dungeon Overview and Level Annotations

Branches:
Dungeon (1/1)

Altars:
Cheibriados
Dithmenos
Elyvilon
Fedhas
Gozag
Hepliaklqana
Kikubaaqudgha
Makhleb
Nemelex Xobeh
Okawaru
Qazlal
Ru
Sif Muna
Trog
Uskayaw
Vehumet
Wu Jian
Xom
Yredelemnul
Zin
The Shining One
Jiyva
Lugonu

Shops:
D [=[![?:(:[??

Annotations:
D exclusion: orange crystal statue


Innate Abilities, Weirdness & Mutations

You are very small and have problems with some larger weapons.
You are too small for most types of armour.
You have supernaturally acute eyesight. (SInv)
You cover ground extremely quickly. (Speed+++)
You are strong-willed. (Will+)
You expend magic power (3 MP) to strengthen your wands.


Message History

You are too injured to fight recklessly!
You are too injured to fight recklessly!
You are too injured to fight recklessly!
You are too injured to fight recklessly!
You are too injured to fight recklessly!
You are too injured to fight recklessly!
You are too injured to fight recklessly!
You are too injured to fight recklessly!
You are too injured to fight recklessly!
You are too injured to fight recklessly!
You are too injured to fight recklessly!
You puncture the spriggan defender!
The spriggan defender is heavily wounded.
Your shadow hits the spriggan defender with a dagger.
You completely miss the spriggan defender.
The spriggan defender is heavily wounded.
The spriggan defender hits you but does no damage.
You miss the spriggan defender.
The spriggan defender is heavily wounded.
The spriggan defender barely misses you.
You puncture the spriggan defender!
The spriggan defender is severely wounded.
Your shadow completely misses the spriggan defender.
You barely miss the spriggan defender.
The spriggan defender is severely wounded.
The spriggan defender hits you with a +0 dagger!
* * * LOW HITPOINT WARNING * * *
You closely miss the spriggan defender.
The spriggan defender is severely wounded.
Your shadow completely misses the spriggan defender.
You miss the spriggan defender.
The spriggan defender is severely wounded.
Your shadow hits the spriggan defender but does no damage.
The spriggan defender hits you with a +0 dagger!
* * * LOW HITPOINT WARNING * * *
You puncture the spriggan defender!
The spriggan defender is severely wounded.
Your shadow misses the spriggan defender.
The spriggan defender hits you with a +0 dagger!!
You die...

▓▓▓▓▓▓▓▓▓▓▓#.#.#.#.#
.....~~~...##.#.#.##
≈≈≈≈≈≈≈♣♣P.'.#.#.#.#
♣♣♣♣♣♣♣♣♣PP##.#.#.##
♣♣♣##)########
#...'.§≈§≈#
#...#§§§§§#
#..)#§#§≈≈# #####@#
§§§# #.PP§i# ≈≈≈
#..§§§# ≈≈ #.()PP# ≈
#.).)P# #'#####
#.....+ #.#######
#(#$PP..


You could see a spriggan defender.

Vanquished Creatures
  Dowan (D)
  A centaur warrior (D)
  Erica (D)
  2 orc high priests (D)
  An orc knight (D)
  A deep elf pyromancer (D)
  An orc sorcerer (D)
  Duvessa (D)
  An unseen horror (D)
  2 spriggan defenders (D)
  A shadow (D)
  3 orc warriors (D)
  2 centaurs (D)
  An earth elemental (D)
  A necrophage (D)
  A water elemental (D)
  6 orc priests (D)
  A jelly (D)
  A necromancer (D)
  An orc wizard (D)
  A wizard (D)
  3 humans (D)
  A kobold demonologist (D)
  A wolf (D)
  3 wandering mushrooms (D)
  7 orcs (D)
  An endoplasm (D)
  3 rats (D)
50 creatures vanquished.

Vanquished Creatures (collateral kills)
  An orc (D)
1 creature vanquished.

Vanquished Creatures (others)
  6 plants (D)
6 creatures vanquished.

Grand Total: 57 creatures vanquished

Notes
Turn   | Place    | Note
-------+----------+-------------------------------------------
     0 | D        | mhtbhm the Spriggan Brigand began the quest for the Orb.
     0 | D        | Reached XP level 1. HP: 10/10 MP: 2/2
    10 | D        | Reached skill level 6 in Stealth
    33 | D        | Reached skill level 7 in Stealth
    47 | D        | Noticed a wolf
    50 | D        | Killed a wolf
    51 | D        | Reached skill level 9 in Stealth
    51 | D        | Reached XP level 2. HP: 15/15 MP: 3/3
    68 | D        | Reached skill level 10 in Stealth
    68 | D        | Reached XP level 3. HP: 18/18 MP: 4/4
   193 | D        | Gained mutation: You are somewhat resistant to further
                  | mutation. [potion of mutation]
   194 | D        | Lost mutation: You are somewhat resistant to further
                  | mutation. [potion of mutation]
   194 | D        | Gained mutation: You are strong-willed. (Will+) [potion of
                  | mutation]
   194 | D        | Gained mutation: You expend magic power (3 MP) to
                  | strengthen your wands. [potion of mutation]
   197 | D        | Noticed a water elemental
   211 | D        | Killed a water elemental
   212 | D        | Reached skill level 12 in Stealth
   212 | D        | Reached XP level 4. HP: 23/23 MP: 5/5
   315 | D        | Found a shadowy altar of Dithmenos.
   315 | D        | Noticed a necrophage
   316 | D        | Found a basalt altar of Yredelemnul.
   316 | D        | Found a sacrificial altar of Ru.
   318 | D        | Reached skill level 13 in Stealth
   318 | D        | Killed a necrophage
   319 | D        | Reached skill level 15 in Stealth
   319 | D        | Reached XP level 5. HP: 28/28 MP: 6/6
   322 | D        | Became a worshipper of Dithmenos the Shadowed
   385 | D        | Found a radiant altar of Vehumet.
   386 | D        | Found a shimmering blue altar of Sif Muna.
   386 | D        | Found an ancient bone altar of Kikubaaqudgha.
   389 | D        | Reached skill level 1 in Invocations
   404 | D        | Learned a level 3 spell: Mephitic Cloud
   422 | D        | Found a glowing silver altar of Zin.
   423 | D        | Found a glowing golden altar of the Shining One.
   423 | D        | Found a white marble altar of Elyvilon.
   423 | D        | Noticed a deep elf pyromancer
   425 | D        | Killed a deep elf pyromancer
   425 | D        | Reached * piety under Dithmenos
   426 | D        | Reached skill level 5 in Short Blades
   426 | D        | Reached skill level 5 in Throwing
   426 | D        | Reached skill level 19 in Stealth
   426 | D        | Reached XP level 6. HP: 33/33 MP: 7/10
   426 | D        | Reached XP level 7. HP: 37/37 MP: 7/11
   468 | D        | Found a hide-covered altar of Uskayaw.
   468 | D        | Found an iron altar of Okawaru.
   469 | D        | Found a bloodstained altar of Trog.
   469 | D        | Found an ornate altar of the Wu Jian Council.
   469 | D        | Noticed a human
   469 | D        | Noticed a human
   471 | D        | Killed a human
   472 | D        | Reached skill level 20 in Stealth
   472 | D        | Reached skill level 5 in Invocations
   472 | D        | Killed a human
   490 | D        | Noticed a shadow
   492 | D        | Killed a shadow
   492 | D        | Reached ** piety under Dithmenos
   493 | D        | Reached skill level 21 in Stealth
   493 | D        | Reached XP level 8. HP: 42/42 MP: 13/13
   498 | D        | Found a blossoming altar of Fedhas.
   498 | D        | Found a stormy altar of Qazlal.
   499 | D        | Found a snail-covered altar of Cheibriados.
   499 | D        | Found a burning altar of Makhleb.
   499 | D        | Found a hazy altar of Hepliaklqana.
   499 | D        | Found a shimmering altar of Xom.
   499 | D        | Found an opulent altar of Gozag.
   499 | D        | Found a sparkling altar of Nemelex Xobeh.
   499 | D        | Found a corrupted altar of Lugonu.
   499 | D        | Found a viscous altar of Jiyva.
   671 | D        | Noticed Erica
   674 | D        | Killed Erica
   675 | D        | Reached skill level 22 in Stealth
   684 | D        | Reached skill level 23 in Stealth
   689 | D        | Noticed a centaur warrior
   691 | D        | Reached *** piety under Dithmenos
   693 | D        | Killed a centaur warrior
   694 | D        | Reached skill level 24 in Stealth
   694 | D        | Reached XP level 9. HP: 46/46 MP: 14/16
   716 | D        | Noticed an unseen horror
   718 | D        | Killed an unseen horror
   719 | D        | Reached skill level 25 in Stealth
   727 | D        | Noticed a wandering mushroom
   731 | D        | Noticed a wandering mushroom
   733 | D        | Noticed a wandering mushroom
  1140 | D        | Reached **** piety under Dithmenos
  1152 | D        | Killed a wandering mushroom
  1233 | D        | Found Ryranori's Armour Emporium.
  1233 | D        | Noticed an orc sorcerer
  1233 | D        | Noticed an orc knight
  1233 | D        | Noticed an orc high priest
  1238 | D        | Noticed an ice devil
  1242 | D        | Noticed a soul eater
  1243 | D        | Killed an orc sorcerer
  1243 | D        | Reached ***** piety under Dithmenos
  1243 | D        | Killed an orc high priest
  1243 | D        | Killed an orc knight
  1243 | D        | Reached ****** piety under Dithmenos
  1244 | D        | Reached skill level 5 in Fighting
  1244 | D        | Reached skill level 5 in Dodging
  1244 | D        | Reached skill level 27 in Stealth
  1244 | D        | Reached XP level 10. HP: 51/51 MP: 16/18
  1391 | D        | Noticed Dowan
  1391 | D        | Noticed Duvessa
  1393 | D        | Killed Duvessa
  1394 | D        | Reached skill level 10 in Invocations
  1410 | D        | Killed Dowan
  1411 | D        | Reached skill level 1 in Evocations
  1655 | D        | Noticed an orange crystal statue
  1668 | D        | Found Fuluq's Antique Weapon Shop.
  1668 | D        | Found Ceiqoqum's Antique Armour Boutique.
  1668 | D        | Found Besir's Magic Scroll Shoppe.
  1668 | D        | Found Wegeos's Magic Scroll Boutique.
  1668 | D        | Found Sieckin's Book Emporium.
  1668 | D        | Found Feukh's Distillery.
  1668 | D        | Found Yloxos's Magic Scroll Shop.
  1668 | D        | Found Hequin's Armour Shop.
  1668 | D        | Found Joheq's Antique Armour Emporium.
  1668 | D        | Found Disaaren's Jewellery Emporium.
  1668 | D        | Found Qeupapruegra's Book Boutique.
  1705 | D        | Bought a glowing hat for 154 gold pieces
  1719 | D        | Bought a scroll of acquirement for 676 gold pieces
  1719 | D        | Bought a scroll of blinking for 97 gold pieces
  1725 | D        | Bought a ring of flight for 175 gold pieces
  1729 | D        | Bought a potion of heal wounds for 60 gold pieces
  1729 | D        | Bought a potion of berserk rage for 60 gold pieces
  1729 | D        | Acquired 1145 gold pieces
  1812 | D        | Mangled by a spriggan defender

Illustrated notes

Levels and vault maps discovered:
D:        dungeon_sprint_mu [sprint_mu_entry_cave, sprint_mu_temple_rooms,
          sprint_mu_d1_horrors, sprint_mu_d2_genie, sprint_mu_d3_branching,
          sprint_mu_orc_legion, sprint_mu_elf_gauntlet, sprint_mu_hive_nellie,
          sprint_mu_lair_fedhas, sprint_mu_vaults_butterflies,
          sprint_mu_slime_circle, sprint_mu_swamp_cave, sprint_mu_shoals_kraken,
          sprint_mu_blade_basic, sprint_mu_crypt_chambers,
          sprint_mu_tomb_spiral, sprint_mu_vestibule_basic,
          sprint_mu_gehenna_hellfire, sprint_mu_dis_giant,
          sprint_mu_tartarus_statrot, sprint_mu_cocytus_islands, sprint_mu_zot1]

Skill      XL: |  1  2  3  4  5  6  7  8  9 10 |
---------------+-------------------------------+-----
Stealth        | 9 10 12 15 19 21 24 27 | 27.0
Dodging        | 2 3 4 5 6 |  6.2
Fighting       | 2 3 4 5 6 |  6.0
Short Blades   | 3 5 6 8 9 |  9.8
Throwing       | 3 4 5 6 7 8 9 |  9.5
Invocations    | 4 6 8 9 11 | 11.3
Evocations     | 1 |  1.5

Action                   |  1- 3 |  4- 6 |  7- 9 | 10-12 || total
-------------------------+-------+-------+-------+-------++-------
Melee: Dagger            |    26 |     7 |    61 |    43 ||   137
Throw: Dart              |     4 |     2 |     7 |    18 ||    31
Invok: Shadow Step       |       |       |       |     2 ||     2
Evoke: Box of beasts     |       |       |     1 |     2 ||     3
  Use: Potion            |     3 |       |     1 |     4 ||     8
       Scroll            |       |       |     4 |     1 ||     5
 Stab: Sleeping          |     2 |     3 |    11 |     2 ||    18
       Distracted        |       |       |       |     1 ||     1
Armor: Robe              |     3 |       |     1 |     3 ||     7
Dodge: Dodged            |    13 |     2 |    29 |    27 ||    71

Table legend: (Time is in decaauts)
 A = Elapsed time spent in this place.
 B = Non-inter-level travel time spent in this place.
 C = Inter-level travel time spent in this place.
 D = Time resting spent in this place.
 E = Time spent auto-exploring this place.
 F = Levels seen in this place.
 G = Mean time per level.
                   A        B        C        D        E       F      G
               +--------+--------+--------+--------+--------+-----+--------+
         Total |   1550 |   1550 |      0 |   1000 |     12 |   1 | 1550.0 |
       Dungeon |   1550 |   1550 |      0 |   1000 |     12 |   1 | 1550.0 |
               +--------+--------+--------+--------+--------+-----+--------+

Top non-repeatable levels by time:
       D: 1550 daAuts
